 Dungeon Crawl Stone Soup version 0.31-a0-277-g31ea1f65cc (webtiles) character file.

Game seed: 14259999430009976306

4243 arthad the Basher (level 10, 0/57 HPs)
             Began as a Gargoyle Fighter on July 15, 2023.
             Was an Initiate of Gozag.
             Slain by a kobold brigand
             ... wielding a +0 war axe
              (2 damage)
             ... in a bailey.
             The game lasted 00:18:39 (7626 turns).

arthad the Basher (Gargoyle Fighter)                Turns: 7626, Time: 00:18:40

Health: 0/57       AC: 18    Str: 23    XL:     10   Next: 30%
Magic:  10/10      EV:  9    Int: 10    God:    Gozag
Gold:   397        SH:  5    Dex:  9    Spells: 9/9 levels left

rFire   . . .        S - +1 flail (freeze)
rCold   . . .        c - +0 buckler
rNeg    + . .        b - +0 scale mail
rPois   ∞            (no helmet)
rElec   +            U - +0 cloak
rCorr   .            M - +0 pair of gloves
SInv    .            (no boots)
Will    .....        (no amulet) Stlth
                     V - +4 ring of slaying
HPRegen 0.29/turn    (no ring)
MPRegen 0.12/turn

%: no passive effects
@: mighty, gold aura, flying
A: sickness immunity, AC +7, negative energy resistance 1, electricity
resistance, torment resistance 1, petrification resistance, big wings, frail 1,
MP-powered wands
a: Renounce Religion, Potion Petition, Call Merchant, Bribe Branch


You were in a bailey.
You worshipped Gozag.
Gozag was aware of your devotion.
You visited 2 branches of the dungeon, and saw 9 of its levels.
You also visited: Ossuary and Bailey.

You collected 1299 gold pieces.
You spent 240 gold pieces at shops.
You paid 662 gold pieces to Gozag.

Inventory:

Hand Weapons
 a - a +0 flail
 r - a +1 dagger of electrocution
 R - a +3 war axe
 S - a +1 flail of freezing (weapon)
Missiles
 t - 17 poisoned darts (quivered)
 y - 2 datura-tipped darts
 K - 16 curare-tipped darts
 W - 4 atropa-tipped darts
 Y - 13 boomerangs
Armour
 b - a +0 scale mail (worn)
 c - a +0 buckler (worn)
 s - a +1 robe of willpower
 x - a +0 kite shield
 M - a +0 pair of gloves (worn)
 T - a +0 robe of resistance
 U - a +0 cloak (worn)
Magical Staves
 A - a staff of poison
Jewellery
 V - a +4 ring of slaying (left hand)
Talismans
 i - a blade talisman
Wands
 p - a wand of polymorph (3)
 q - a wand of charming (24)
 H - a wand of roots (5)
 L - a wand of mindburst (11)
 X - a wand of flame (4)
Scrolls
 f - 5 scrolls of teleportation
 g - a scroll of vulnerability
 j - 2 scrolls of immolation
 o - 2 scrolls of revelation
 u - 3 scrolls of torment {unknown}
 w - 2 scrolls of blinking {unknown}
 B - a scroll of summoning {unknown}
 E - a scroll of enchant weapon
 F - a scroll of brand weapon
 G - a scroll of identify {unknown}
 I - 2 scrolls of poison {unknown}
 J - a scroll of fear {unknown}
 N - 3 scrolls of noise {unknown}
Potions
 d - 3 potions of might
 e - 2 potions of lignification
 h - a potion of heal wounds
 k - 2 potions of attraction
 l - 4 potions of curing {unknown}
 m - 4 potions of mutation
 n - a potion of magic {unknown}
 v - a potion of degeneration {unknown}
 z - 3 potions of berserk rage {unknown}
 C - 2 potions of resistance {unknown}
 D - 2 potions of brilliance {unknown}
 O - 2 potions of invisibility {unknown}
 P - 3 potions of haste {unknown}
 Q - a potion of cancellation {unknown}
Miscellaneous
 Z - a box of beasts (inert)


   Skills:
 + Level 7.9 Fighting
 * Level 9.6 Maces & Flails
 + Level 7.9 Armour
 + Level 8.0 Shields


You had 9 spell levels left.
You didn't know any spells.
Your spell library contained the following spells:

 Spells                   Type           Power      Damage    Failure   Level
 Sandblast                Erth           0%         2d4       69%         1
 Summon Small Mammal      Summ           0%         N/A       69%         1
 Passwall                 Tmut/Erth      0%         N/A       83%         2
 Call Canine Familiar     Summ           0%         N/A       96%         3
 Stone Arrow              Conj/Erth      0%         3d7       96%         3
 Summon Guardian Golem    Hex/Summ       0%         N/A       96%         3


Dungeon Overview and Level Annotations

Branches:
Dungeon (8/15)             Temple (1/1) D:4         Ossuary (visited)
 Bailey (1/1)
   Lair: D:8-11

Altars:
Ashenzari
Cheibriados
Dithmenos
Elyvilon
Fedhas
Gozag
Hepliaklqana
Kikubaaqudgha
Makhleb
Nemelex Xobeh
Okawaru
Qazlal
Ru
Sif Muna
Trog
Uskayaw
Vehumet
Wu Jian
Xom
Yredelemnul
Zin
The Shining One

Shops:
D:4 =   D:5 ?


Innate Abilities, Weirdness & Mutations

You are immune to sickness and miasma.
Your stone body is resilient. (AC +7)
You are immune to poison.
You resist negative energy. (rN+)
You are resistant to electric shocks. (rElec)
You are resistant to unholy torment.
You are immune to petrification.
Your large and strong wings let you fly.
You are frail. (-10% HP)
You expend magic power (3 MP) to strengthen your wands.


Message History

The box is emptied!
The kobold brigand is no longer distracted by gold.
Your larval shocksting beast bursts into living lightning!
The living lightning hits the orc knight!
The living lightning hits the orc warrior.
Your larval shocksting beast blinks! x2
Okay, then.
You feel much better. The orc knight closely misses you.
The orc knight hits your larval shocksting beast with a +0 broad axe.
The orc warrior hits you with a +0 war axe!
Your larval shocksting beast barely misses the orc knight.
Your larval shocksting beast stings the orc knight but does no damage.
The orc warrior no longer looks unusually strong.
The orc knight hits you but does no damage.
The orc knight hits your larval shocksting beast with a +0 broad axe.
Your larval shocksting beast hits the orc knight but does no damage.
Your larval shocksting beast stings the orc knight but does no damage.
Your larval shocksting beast closely misses the orc knight.
Your larval shocksting beast stings the orc knight.
You closely miss the orc knight.
The orc knight is lightly wounded.
The orc warrior no longer looks unusually strong.
You block the orc knight's attack.
The orc knight hits your larval shocksting beast with a +0 broad axe!
Your larval shocksting beast dies!
Your larval shocksting beast's corpse disappears in a puff of smoke!
The orc warrior hits you but does no damage.
You sock the orc knight! You freeze the orc knight.
The orc knight is moderately wounded.
The orc knight hits you with a +0 broad axe!
The orc warrior hits you with a +0 war axe.
The kobold brigand is distracted by your dazzling golden aura.
The kobold brigand hits you but does no damage.
The orc warrior attacks as you move away!
The orc warrior hits you with a +0 war axe!
* * * LOW HITPOINT WARNING * * *
The kobold brigand attacks as you move away!
The kobold brigand hits you with a +0 war axe.
You die...
Your body crumbles into a pile of gold.

...............
#.............#
#.....$...# #...#
###K### ##.....##
#.oo8...# #ooK...∩#
##@....##
####'''####
#~.......~##
#~~.......~~#####
.~~.......~~....#
##~~.......~~###.#
..~~.......~~....#
###~~.......~~###.#
..~~.......~~....#


You could see an orc knight, 3 orc warriors and 2 kobold brigands.

Vanquished Creatures
  A gargoyle (D:8)
  A hornet (D:8)
  Sigmund (D:2)
  Eustachio (D:6)
  A wyvern (D:7)
  3 yaks (D:5)
  A sky beast (D:6)
  An ice beast (D:7)
  2 orc warriors
  2 black bears
  2 ogres
  An elf zombie (Ossuary)
  2 phantoms
  7 kobold brigands
  3 bullfrogs (D:7)
  4 scorpions
  2 wights (D:7)
  A howler monkey (D:6)
  2 hounds (D:4)
  3 human zombies (Ossuary)
  2 jellies
  2 sleepcaps
  2 orc priests (D:5)
  Jessica (D:2)
  3 iguanas
  3 orc wizards
  2 hound zombies (Ossuary)
  5 mummies
  3 gnolls (D:4)
  7 adders
  2 shadow imps
  4 dart slugs
  17 orcs
  7 ball pythons
  10 bats
  13 endoplasms
  10 giant cockroaches
  2 gnoll zombies (Ossuary)
  7 goblins
  13 hobgoblins
  6 jackals
  22 kobolds
  6 quokkas
  6 frilled lizards
  A goblin zombie (Ossuary)
  A hobgoblin zombie (Ossuary)
  A jackal zombie (Ossuary)
  4 rats
  A rat zombie (Ossuary)
204 creatures vanquished.

Vanquished Creatures (collateral kills)
  2 wights (D:7)
2 creatures vanquished.

Vanquished Creatures (others)
  A jelly (D:2)
  An endoplasm (D:2)
2 creatures vanquished.

Grand Total: 208 creatures vanquished

Notes
Turn   | Place    | Note
-------+----------+-------------------------------------------
     0 | D:1      | arthad the Gargoyle Fighter began the quest for the Orb.
     0 | D:1      | Reached XP level 1. HP: 14/14 MP: 1/1
    71 | D:1      | Reached XP level 2. HP: 17/19 MP: 2/2
   393 | D:1      | Reached XP level 3. HP: 21/23 MP: 3/3
   823 | D:2      | Noticed Sigmund
   909 | D:2      | Reached skill level 3 in Maces & Flails
   909 | D:2      | Reached XP level 4. HP: 29/29 MP: 4/4
  1288 | D:2      | Killed Sigmund
  1289 | D:2      | Reached skill level 4 in Maces & Flails
  1289 | D:2      | Reached XP level 5. HP: 32/34 MP: 5/5
  1289 | D:2      | Reached XP level 6. HP: 37/39 MP: 6/6
  1581 | D:2      | Noticed Jessica
  1591 | D:2      | Killed Jessica
  1986 | D:3      | Found a faded altar of an unknown god.
  2438 | D:4      | Found a staircase to the Ecumenical Temple.
  2456 | Temple   | Entered the Ecumenical Temple
  2725 | Temple   | Became a worshipper of Gozag Ym Sagoz the Greedy
  2917 | D:4      | Found an ancient bone altar of Kikubaaqudgha.
  2981 | D:4      | Found Zomm's Jewellery Boutique.
  3099 | D:4      | Reached XP level 7. HP: 38/44 MP: 7/7
  3230 | D:4      | Reached skill level 5 in Maces & Flails
  3321 | D:4      | Reached skill level 5 in Fighting
  3321 | D:4      | Reached skill level 5 in Shields
  3553 | D:4      | Reached skill level 5 in Armour
  3821 | D:5      | Entered Level 5 of the Dungeon
  3868 | D:5      | Noticed a yak
  3875 | D:5      | Killed a yak
  3904 | D:5      | Noticed a yak
  3904 | D:5      | Noticed a yak
  3916 | D:5      | Killed a yak
  3917 | D:5      | Reached skill level 6 in Maces & Flails
  3917 | D:5      | Reached XP level 8. HP: 28/50 MP: 8/8
  3922 | D:5      | Killed a yak
  4403 | D:5      | Found Ohaikkeq's Magic Scroll Shoppe.
  4411 | D:5      | Bought a scroll of enchant weapon for 90 gold pieces
  4411 | D:5      | Bought a scroll of teleportation for 36 gold pieces
  4411 | D:5      | Bought a scroll of brand weapon for 114 gold pieces
  4704 | D:5      | Reached skill level 7 in Maces & Flails
  5156 | D:6      | Reached XP level 9. HP: 56/56 MP: 9/9
  5573 | D:6      | Noticed Eustachio
  5606 | D:6      | Killed Eustachio
  5823 | D:7      | Found a glowing golden altar of the Shining One.
  5893 | D:7      | Found a sand-covered staircase.
  5906 | Ossuary  | Entered an ossuary
  5970 | Ossuary  | Reached skill level 8 in Maces & Flails
  6565 | D:7      | Gained mutation: You are frail. (-10% HP) [potion of
                  | mutation]
  6565 | D:7      | Gained mutation: Your large and strong wings let you fly.
                  | [potion of mutation]
  6565 | D:7      | Gained mutation: You expend magic power (3 MP) to
                  | strengthen your wands. [potion of mutation]
  6565 | D:7      | HP: 2/51 [orc/+2 trident of protection (4)]
  7137 | D:7      | Reached skill level 9 in Maces & Flails
  7137 | D:7      | Reached XP level 10. HP: 54/56 MP: 10/10
  7366 | D:8      | Found a flagged portal.
  7370 | D:8      | Noticed a gargoyle
  7374 | D:8      | Noticed a cyclops
  7378 | D:8      | Killed a gargoyle
  7381 | Bailey   | Entered a bailey
  7609 | Bailey   | Noticed an orc knight
  7611 | Bailey   | Found an iron altar of Okawaru.
  7626 | Bailey   | HP: 2/57 [orc warrior/+0 war axe (17)]
  7626 | Bailey   | Slain by a kobold brigand

Illustrated notes

Levels and vault maps discovered:
D:1:      lightli_arrival_lavapool, layout_basic
D:2:      layout_basic, minmay_cut_off, uniq_sigmund, uniq_jessica
D:3:      layout_basic, shapermc_ecumenical_altar_mp_highgroup
D:4:      layout_basic, amcnicky_altar_gilded,
          minmay_temple_entry_statues_fountains,
          minmay_shop_enchanted_jewellery, serial_park_tiny_pond, minivault_25,
          minmay_circle_x
D:5:      layout_loops_ring, serial_shops, shop
D:6:      layout_rooms, minmay_misc_feat_encased, grunt_ministairs_13,
          uniq_eustachio
D:7:      layout_basic, mainiacjoe_overflow_catwalk, gup_ossuary_entry_pyramid
D:8:      layout_basic, enter_bailey_2, serial_ice, serial_ice_l, serial_ice_n,
          serial_ice_h, serial_ice_m, serial_ice_g, serial_ice_o, serial_ice_d,
          hangedman_minor_gate_pass
Temple:   nicolae_temple_bog_church
Bailey:   bailey_axe_3, bailey

Skill      XL: |  1  2  3  4  5  6  7  8  9 10 |
---------------+-------------------------------+-----
Maces & Flails | 3 4 6 7 9 |  9.6
Fighting       | 4 5 6 7 |  7.9
Armour         | 4 5 6 7 |  7.9
Shields        | 4 5 6 7 8 |  8.0

Action                     |  1- 3 |  4- 6 |  7- 9 | 10-12 || total
---------------------------+-------+-------+-------+-------++-------
  Melee: Flail             |   110 |   208 |   491 |    66 ||   875
  Throw: Dart              |       |     4 |    16 |     2 ||    22
 Invoke: Potion Petition   |       |       |     1 |       ||     1
  Evoke: Wand              |       |     3 |     2 |     2 ||     7
         Box of beasts     |       |       |       |     1 ||     1
    Use: Potion            |       |       |     4 |     2 ||     6
         Scroll            |       |       |     4 |     1 ||     5
   Stab: Distracted        |       |     1 |       |       ||     1
 Armour: Scale mail        |    74 |   146 |   362 |    31 ||   613
         Skin              |       |     3 |    38 |       ||    41
  Dodge: Dodged            |    63 |   114 |   256 |    35 ||   468
  Block: Buckler           |    29 |    40 |   129 |    19 ||   217

Table legend: (Time is in decaauts)
 A = Elapsed time spent in this place.
 B = Non-inter-level travel time spent in this place.
 C = Inter-level travel time spent in this place.
 D = Time resting spent in this place.
 E = Time spent auto-exploring this place.
 F = Levels seen in this place.
 G = Mean time per level.
                   A        B        C        D        E       F      G
               +--------+--------+--------+--------+--------+-----+--------+
         Total |   7724 |   7419 |    305 |    334 |   5122 |  11 |  702.2 |
       Dungeon |   6790 |   6534 |    256 |    262 |   4627 |   8 |  848.8 |
        Temple |    299 |    250 |     49 |      0 |    223 |   1 |  299.0 |
       Ossuary |    392 |    392 |      0 |      0 |    214 |   1 |  392.0 |
        Bailey |    242 |    242 |      0 |     72 |     58 |   1 |  242.0 |
               +--------+--------+--------+--------+--------+-----+--------+

Top non-repeatable levels by time:
     D:4: 1242 daAuts
     D:5: 1152 daAuts
     D:7: 1109 daAuts
     D:2: 954 daAuts
     D:6: 820 daAuts
     D:1: 807 daAuts
     D:3: 613 daAuts
 Ossuary: 392 daAuts
  Temple: 299 daAuts
  Bailey: 242 daAuts
     D:8: 88 daAuts
